 Dungeon Crawl Stone Soup version 0.32-a0-422-g28b100f618 (webtiles) character file.

Game seed: 4567784858726462981

1750 ezpacito the Chopper (level 9, -1/102 HPs)
             Began as a Coglin Chaos Knight on Feb 21, 2024.
             Was a Plaything of Xom.
             Slain by an orc warrior
             ... wielding a +0 scimitar
              (16 damage)
             ... on level 6 of the Dungeon.
             The game lasted 00:11:49 (5488 turns).

ezpacito the Chopper (Coglin Chaos Knight)          Turns: 5488, Time: 00:11:50

Health: -1/102     AC: 17    Str: 16    XL:     9   Next: 6%
Magic:  12/12      EV:  5    Int: 12    God:    Xom [....*.]
Gold:   72         SH:  0    Dex: 14    Spells: 2/12 levels left

rFire   . . .        a - +0 hand axe (chaos) {Masaaki}
rCold   + . .        b - +0 war axe {Balvinder}
rNeg    . . .        C - +4 plate armour {rC+}
rPois   .            d - +0 helmet
rElec   .            (no cloak)
rCorr   .            (no gloves)
SInv    .            (no boots)
Will    .....        s - amulet of the acrobat Stlth
                     (no ring)
HPRegen 0.37/turn    (no ring)
MPRegen 0.13/turn

%: acrobat
@: berserking, immotile, revved, very quick
A: off-hand wielding, slow wielding, warmup strikes, legs shutdown
a: Renounce Religion


You were on level 6 of the Dungeon.
You worshipped Xom.
You were a beloved toy of Xom.
You visited 2 branches of the dungeon, and saw 7 of its levels.
You also visited: Sewer.

You collected 408 gold pieces.
You spent 336 gold pieces at shops.

Inventory:

Hand Weapons
 a - a +0 hand axe of chaos (weapon) {Masaaki}
 b - a +0 war axe (offhand) {Balvinder}
 f - a +4 dagger {Kanlaya}
 v - a +0 battleaxe
Missiles
 u - 10 poisoned darts (quivered)
 y - 5 boomerangs
 B - 6 curare-tipped darts
Armour
 d - a +0 helmet (worn)
 x - a +0 hat
 C - a +4 plate armour of cold resistance (worn)
Jewellery
 s - an amulet of the acrobat (around neck)
Talismans
 j - a maw talisman
Wands
 e - a wand of flame (18)
 m - a wand of roots (3)
 t - a wand of quicksilver (6)
Scrolls
 c - a scroll of butterflies
 g - 3 scrolls of poison
 h - 4 scrolls of noise
 i - a scroll of silence
 o - 2 scrolls of teleportation
 r - 2 scrolls of enchant weapon
 w - a scroll of blinking
 A - 2 scrolls of amnesia
Potions
 k - a potion of berserk rage
 l - a potion of curing
 n - 4 potions of enlightenment
 p - 2 potions of might {unknown}
 q - a potion of resistance {unknown}
 z - 2 potions of heal wounds {unknown}


   Skills:
 * Level 5.3 Fighting
 * Level 5.4 Axes
 * Level 4.3 Armour
 + Level 3.0 Dodging
 * Level 3.9 Unarmed Combat
 + Level 2.3 Spellcasting
 + Level 2.1 Summonings
 + Level 2.1 Translocations
 * Level 4.5 Evocations


You had 2 spell levels left.
You knew the following spells:

 Your Spells              Type           Power      Damage    Failure   Level
a - Magic Dart            Conj           4%         1d3       100%        1
b - Blink                 Tloc           12%        N/A       100%        2
c - Apportation           Tloc           12%        N/A       99%         1
d - Call Imp              Summ           12%        N/A       100%        2
e - Vhi's Electric Charg  Tloc/Air       6%         N/A       100%        4

Your spell library contained the following spells:

 Spells                   Type           Power      Damage    Failure   Level
 Slow                     Hex            4%         N/A       100%        1
 Jinxbite                 Hex            2%         N/A       100%        2
 Confusing Touch          Hex            1%         N/A       100%        3
 Sigil of Binding         Hex            1%         N/A       100%        3
 Vampiric Draining        Necr           1%         2d6       100%        3
 Animate Dead             Necr           1%         N/A       100%        4
 Alistair's Intoxication  Alch           0%         N/A       100%        5
 Arcjolt                  Conj/Air       0%         1d10      100%        5
 Yara's Violent Unravell  Hex/Alch       0%         3d3       100%        5
 Plasma Beam              Fire/Air       0%         2x1d10    100%        6
 Starburst                Conj/Fire      0%         6d3       100%        6
 Enfeeble                 Hex            0%         N/A       100%        7
 Haunt                    Necr/Summ      1%         N/A       100%        7
 Infestation              Necr           0%         N/A       100%        8
 Maxwell's Capacitive Co  Air            0%         ∞         100%        8


Dungeon Overview and Level Annotations

Branches:
Dungeon (6/15)             Temple (1/1) D:4           Sewer (visited)

Altars:
Ashenzari
Cheibriados
Dithmenos
Elyvilon
Fedhas
Gozag
Hepliaklqana
Kikubaaqudgha
Makhleb
Nemelex Xobeh
Okawaru
Qazlal
Ru
Sif Muna
Trog
Uskayaw
Vehumet
Wu Jian
Xom
Yredelemnul
Zin
The Shining One

Shops:
D:6 *


Innate Abilities, Weirdness & Mutations

You can wield a second weapon in your off-hand.
It takes a long time for you to wield or remove held weapons.
Your first few attacks do less damage.
Attacking and casting redirects power from your legs.


Message History

The vampire hits you but does no damage.
The vampire bites you but does no damage.
The orc warrior hits you with a +0 scimitar!
* * * LOW HITPOINT WARNING * * *
It was a potion of berserk rage.
A red film seems to cover your vision as you go berserk!
You feel yourself moving faster!
You feel mighty!
Xom is amused.
You are no longer unable to travel.
The vampire stops moving altogether!
The orc warrior hits you but does no damage.
The helpless vampire fails to defend itself.
You slash the vampire with your +0 war axe!
The vampire is lightly damaged.
You hit the orc warrior but do no damage.
The helpless vampire fails to defend itself.
You slash the vampire with your +0 hand axe of chaos!
You closely miss the orc warrior with your +0 hand axe of chaos.
The orc warrior barely misses you.
The helpless vampire fails to defend itself.
You hit the vampire with your +0 war axe.
The vampire is moderately damaged.
You barely miss the orc warrior with your +0 war axe.
The helpless vampire fails to defend itself.
You hit the vampire with your +0 hand axe of chaos.
Lightning courses through the vampire!!
You hit the orc warrior but do no damage.
You drain the orc warrior.
The orc warrior hits you with a +0 scimitar.
* * * LOW HITPOINT WARNING * * *
The helpless vampire fails to defend itself.
You slash the vampire with your +0 hand axe of chaos!
The vampire is severely damaged.
You hit the orc warrior with your +0 hand axe of chaos.
You burn the orc warrior.
The helpless vampire fails to defend itself.
You slash the vampire with your +0 war axe!
You barely miss the orc warrior with your +0 war axe.
The orc warrior hits you with a +0 scimitar!
You die...

#..####.#.........# #......#.#.##
#....##.#.....##########...#.#...
###.....#..............##..#.####
....##....#####.#.#.##..##.#.#
#######.#..#########.# #..#.#
...<....#.....#.#.#.## ####.#
##..#####.....##.#.## ##....## #
#..# #.....#.#### #......# # #..#
########@# ##.....### #..# #Vo#
#.....##. ##..# ##.. ##.....##.
.#..# ##########......... .#..#
#.# #............## .#..#
#.###............## .#
#...#.#######......
.##############.#.......##.......
.....#..........###.###..........


You could see a vampire (petrified) and an orc warrior (fast, strong, drained).

Vanquished Creatures
  A steam dragon (D:6)
  A water moccasin (D:6)
  Duvessa (D:5)
  2 black bears
  An ogre (D:3)
  A phantom (D:6)
  A brain worm (Sewer)
  3 scorpions
  Dowan (D:5)
  A howler monkey (D:6)
  2 bombardier beetles
  An orc priest (D:4)
  3 jellies
  A sleepcap (D:4)
  An iguana (D:6)
  11 adders
  2 river rats (Sewer)
  A shadow imp (D:4)
  A white imp (D:6)
  7 ribbon worms
  6 dart slugs
  6 orcs
  8 endoplasms
  4 giant cockroaches
  10 goblins
  9 hobgoblins
  2 jackals (D:1)
  6 quokkas
  11 ball pythons
  11 bats
  4 frilled lizards
  10 kobolds
  10 rats
140 creatures vanquished.

Vanquished Creatures (collateral kills)
  Eustachio (D:5)
  2 adders
3 creatures vanquished.

Grand Total: 143 creatures vanquished

Notes
Turn   | Place    | Note
-------+----------+-------------------------------------------
     0 | D:1      | ezpacito the Coglin Chaos Knight began the quest for the
                  | Orb.
     0 | D:1      | Reached XP level 1. HP: 18/18 MP: 1/1
   103 | D:1      | Reached skill level 1 in Dodging
   103 | D:1      | Reached XP level 2. HP: 24/24 MP: 2/2
   233 | D:1      | XOM: silly message
   268 | D:1      | Reached XP level 3. HP: 29/29 MP: 3/3
   441 | D:1      | XOM: silly message
   518 | D:1      | Reached skill level 1 in Unarmed Combat
  1010 | D:2      | Reached XP level 4. HP: 32/35 MP: 4/4
  1058 | D:2      | Learned a level 1 spell: Magic Dart
  1061 | D:2      | Learned a level 2 spell: Blink
  1074 | D:2      | XOM: fake destruction
  1332 | D:2      | Reached XP level 5. HP: 41/41 MP: 5/5
  1900 | D:3      | XOM: noise
  1911 | D:3      | an adder changed into an ogre
  1911 | D:3      | Noticed an ogre
  1911 | D:3      | XOM: polymorph adder -> ogre
  1919 | D:3      | Killed an ogre
  1920 | D:3      | Reached skill level 1 in Spellcasting
  1920 | D:3      | Reached XP level 6. HP: 37/48 MP: 7/7
  2002 | D:3      | Learned a level 1 spell: Apportation
  2005 | D:3      | Learned a level 2 spell: Call Imp
  2048 | D:3      | Noticed a +0 short sword
  2048 | D:3      | Noticed a +0 spear
  2048 | D:3      | Noticed a +0 falchion
  2049 | D:3      | Noticed a +0 dagger
  2049 | D:3      | Noticed a +0 spear
  2050 | D:3      | XOM: smoke on damage
  2052 | D:3      | Noticed a +0 falchion
  2052 | D:3      | Noticed a +0 dagger
  2054 | D:3      | Noticed a +0 short sword
  2103 | D:3      | Found a hide-covered altar of Uskayaw.
  2123 | D:3      | XOM: silly message
  2631 | D:4      | Reached skill level 1 in Evocations
  2721 | D:4      | Found a glowing drain.
  2736 | Sewer    | Entered a sewer
  2794 | Sewer    | XOM: cast spell 'Leda's Liquefaction'
  2796 | Sewer    | Reached XP level 7. HP: 26/54 MP: 3/8
  2799 | Sewer    | XOM: divination: detect items
  3064 | Sewer    | XOM: enchant monster (bad)
  3339 | Sewer    | XOM: silly message
  3592 | D:4      | Found a staircase to the Ecumenical Temple.
  3606 | D:4      | XOM: blink monster(s)
  3608 | D:4      | XOM: noise
  3669 | Temple   | Entered the Ecumenical Temple
  3859 | D:5      | Entered Level 5 of the Dungeon
  3916 | D:5      | Noticed Dowan
  3916 | D:5      | Noticed Duvessa
  3928 | D:5      | XOM: confuse monster(s)
  3929 | D:5      | XOM: enchant monster (good)
  3931 | D:5      | Reached skill level 1 in Summonings
  3931 | D:5      | Reached skill level 1 in Translocations
  3935 | D:5      | Killed Duvessa
  3937 | D:5      | Killed Dowan
  3938 | D:5      | Reached XP level 8. HP: 47/61 MP: 10/10
  4097 | D:5      | Found a basalt altar of Yredelemnul.
  4280 | D:5      | Learned a level 4 spell: Vhi's Electric Charge
  4422 | D:5      | Noticed Eustachio
  4438 | D:5      | Killed Eustachio
  4439 | D:5      | Reached skill level 5 in Axes
  4615 | D:6      | Reached skill level 5 in Fighting
  4643 | D:6      | XOM: god gift: +3 plate armour of cold resistance
  4794 | D:6      | XOM: god gift: wand of roots (3)
  4926 | D:6      | XOM: silly message
  4981 | D:6      | XOM: scenery: 1 doors open
  5004 | D:6      | Reached XP level 9. HP: 66/68 MP: 12/12
  5013 | D:6      | Found Diuklod's Fire Supplies.
  5019 | D:6      | Bought the Elucidation of the Salamander for 336 gold
                  | pieces
  5035 | D:6      | XOM: scenery: 1 doors open
  5092 | D:6      | XOM: polymorph hound -> ball python
  5154 | D:6      | XOM: cloud trail
  5488 | D:6      | Slain by an orc warrior

Illustrated notes

Levels and vault maps discovered:
D:1:      lemuel_arrival_tunnels, layout_loops_cross, dreamdust_princess_bridge
D:2:      minmay_diamond_boxcup, layout_loops_ring, serial_aquarium,
          aquarium_bridge_straight [aquarium_subvault_bridge,
          aquarium_subvault_wall, aquarium_subvault_bridge,
          aquarium_subvault_wall], aquarium_window_corridor_1,
          aquarium_window_2, aquarium_window_corner, aquarium_view_2g,
          aquarium_view_2c, minmay_tromino_i2
D:3:      layout_rooms, nicolae_uskayaw_en_pointe, st_stairs_7, minivault_4
D:4:      layout_basic, minmay_temple_entry_glass, portal_sewer_entry_d,
          minivault_23
D:5:      layout_cave_pools, mainiacjoe_overflow_paths, uniq_eustachio,
          uniq_duvessa
D:6:      layout_basic, serial_rivers, chequers_serial_rivers_micro_a,
          chequers_serial_rivers_small_a, chequers_serial_rivers_small_a,
          chequers_serial_rivers_marsh, nicolae_shop_fire_sale
          [nicolae_sub_dead_trees], minmay_small_thing
Temple:   nicolae_temple_bog_church

Skill      XL: |  1  2  3  4  5  6  7  8  9 |
---------------+----------------------------+-----
Dodging        | 1 2 3 |  3.0
Armour         | 2 3 4 |  4.3
Unarmed Combat | 1 2 3 |  3.9
Fighting       | 4 5 |  5.3
Axes           | 4 5 |  5.4
Spellcasting   | 1 2 |  2.3
Evocations     | 1 2 4 |  4.5
Summonings     | 1 2 |  2.1
Translocations | 1 2 |  2.1

Action                     |  1- 3 |  4- 6 |  7- 9 || total
---------------------------+-------+-------+-------++-------
  Melee: Hand axe          |    77 |   122 |   150 ||   349
         Dagger            |    33 |    63 |       ||    96
         War axe           |       |    63 |   157 ||   220
    Use: Scroll            |       |     4 |     8 ||    12
         Potion            |       |     5 |     2 ||     7
   Stab: Paralysed         |       |       |     2 ||     2
         Confused          |       |       |     1 ||     1
         Petrified         |       |       |     6 ||     6
         Petrifying        |       |       |     3 ||     3
         Held in net/web   |       |       |     1 ||     1
 Armour: Leather armour    |    41 |       |       ||    41
         Scale mail        |    10 |    31 |       ||    41
         Ring mail         |       |    46 |   112 ||   158
         Plate armour      |       |       |    67 ||    67
  Dodge: Dodged            |    40 |    58 |   146 ||   244

Table legend: (Time is in decaauts)
 A = Elapsed time spent in this place.
 B = Non-inter-level travel time spent in this place.
 C = Inter-level travel time spent in this place.
 D = Time resting spent in this place.
 E = Time spent auto-exploring this place.
 F = Levels seen in this place.
 G = Mean time per level.
                   A        B        C        D        E       F      G
               +--------+--------+--------+--------+--------+-----+--------+
         Total |   5719 |   5440 |    279 |    326 |   3814 |   8 |  714.9 |
       Dungeon |   4702 |   4424 |    278 |    201 |   3139 |   6 |  783.7 |
        Temple |      1 |      1 |      0 |      0 |      0 |   1 |    1.0 |
         Sewer |   1014 |   1014 |      0 |    125 |    675 |   1 | 1014.0 |
               +--------+--------+--------+--------+--------+-----+--------+

Top non-repeatable levels by time:
     D:2: 1059 daAuts
   Sewer: 1014 daAuts
     D:6: 902 daAuts
     D:1: 849 daAuts
     D:4: 683 daAuts
     D:5: 665 daAuts
     D:3: 542 daAuts
  Temple: 1 daAuts
